 Dungeon Crawl Stone Soup version 0.28.0-45-g0d030f2227 (webtiles) character file.

Game seed: 12878240400686582292

25 DuloT34 the Vexing (level 3, 0/26 HPs)
             Began as a Barachi Arcane Marksman on Apr 18, 2022.
             Succumbed to an adder's poison
             ... on level 2 of the Dungeon.
             The game lasted 00:02:24 (1161 turns).

DuloT34 the Vexing (Barachi Arcane Marksman)        Turns: 1161, Time: 00:02:25

Health: 0/26       AC:  4    Str: 11    XL:     3   Next: 6%
Magic:  6/6        EV: 12    Int: 15    God:
Gold:   60         SH:  0    Dex: 12    Spells: 5/6 levels left

rFire   . . .      SeeInvis .   (no weapon)
rCold   . . .      Faith    .   (no shield)
rNeg    . . .      Spirit   .   d - +0 robe
rPois   .          Reflect  .   b - +0 helmet
rElec   .          Harm     .   e - +0 cloak
rCorr   .          Rampage  .   (no gloves)
Will    .....                   (no boots)
Stlth   +.........              (no amulet)
HPRegen 0.08/turn               (no ring)
MPRegen 0.10/turn               (no ring)

@: lethally poisoned (0 -> -3), unable to hop, slow
A: amphibious, slowness 1, strong legs 1, +LOS
a: Hop


You were on level 2 of the Dungeon.
You visited 1 branch of the dungeon, and saw 2 of its levels.

You collected 60 gold pieces.

Inventory:

Hand Weapons
 a - a +0 shortbow
Armour
 b - a +0 helmet (worn)
 d - a +0 robe (worn)
 e - a +0 cloak (worn)
Potions
 f - a potion of curing {unknown}


   Skills:
 - Level 1.2 Fighting
 + Level 2.8 Bows
 - Level 2.1 Dodging
 + Level 2.2 Spellcasting
 - Level 3.2 Hexes


You had 5 spell levels left.
You knew the following spells:

 Your Spells              Type           Power      Damage    Failure   Level
a - Slow                  Hex            44%        N/A       5%          1

Your spell library contained the following spells:

 Spells                   Type           Power      Damage    Failure   Level
 Inner Flame              Hex/Fire       6%         N/A       32%         3
 Portal Projectile        Hex/Tloc       12%        N/A       32%         3
 Cause Fear               Hex            5%         N/A       50%         4


Dungeon Overview and Level Annotations

Branches:
Dungeon (2/15)

Altars:


Innate Abilities, Weirdness & Mutations

You are amphibious.
You cover ground slowly.
You can hop short distances.
You have an extended range of vision and can be seen from far away.


Message History

The adder is severely wounded.
The adder bites you but does no damage.
Okay, then.
Hop to where?
Press: ? - help, Dir - move target, p - adder Boing!
You barely miss the adder.
The adder is severely wounded.
The adder barely misses you. The adder closely misses you.
You closely miss the adder.
The adder is severely wounded.
The adder completely misses you.
You barely miss the adder.
The adder is severely wounded.
The adder closely misses you.
You hit the adder but do no damage.
The adder is severely wounded.
The adder barely misses you.
You closely miss the adder.
The adder is severely wounded.
The adder bites you.
* * * LOW HITPOINT WARNING * * *
You are lethally poisoned!
The adder poisons you! The adder bites you but does no damage.
You miss the adder.
The adder is severely wounded.
* * * LOW HITPOINT WARNING * * *
You feel sick. The adder barely misses you.
You barely miss the adder.
The adder is severely wounded.
* * * LOW HITPOINT WARNING * * *
You feel sick. The adder barely misses you.
You closely miss the adder.
The adder is severely wounded.
* * * LOW HITPOINT WARNING * * *
You feel sick. The adder bites you but does no damage.
The adder barely misses you.
You closely miss the adder.
The adder is severely wounded.
You die...

#....(.....#
#..........#
#..........#
#....$.....#
#....(..####
#(...(..#
#....(..#
#####(####
#.S@.#########
#....#.......#
#....'.......#
##...#.......#
#...#######.#
##### #.# #.#
#.# #.#


You could see an adder.

Vanquished Creatures
  An adder (D:2)
  A dart slug (D:1)
  4 bats
  3 endoplasms
  A giant cockroach (D:1)
  2 kobolds
  A ball python (D:1)
  A rat (D:1)
14 creatures vanquished.

Notes
Turn   | Place    | Note
-------+----------+-------------------------------------------
     0 | D:1      | DuloT34 the Barachi Arcane Marksman began the quest for the
                  | Orb.
     0 | D:1      | Reached XP level 1. HP: 15/15 MP: 2/2
   429 | D:1      | Reached XP level 2. HP: 21/21 MP: 2/4
  1119 | D:2      | Reached XP level 3. HP: 26/26 MP: 6/6
  1160 | D:2      | HP: 1/26 [poisoned by an adder]
  1161 | D:2      | Succumbed to an adder's poison

Illustrated notes

Levels and vault maps discovered:
D:1:      minmay_arrival_four_houses, layout_loops_cross
D:2:      layout_basic, shapermc_ecumenical_altar_hornbeckon

Skill      XL: |  1  2 |
---------------+-------+-----
Spellcasting   | 2 |  2.2
Fighting       | |  1.2
Bows           | |  2.8
Dodging        | |  2.1
Hexes          | |  3.2

Action                   || total
-------------------------++-------
Melee: Unarmed           ||    15
 Fire: Shortbow          ||    51
 Cast: Slow              ||     9
 Abil: Hop               ||     1
Armor: Robe              ||    11
Dodge: Dodged            ||    28
